[Event "4NCL 2021-22"]
[Site "England"]
[Date "2022.04.30"]
[Round "7.17"]
[White "Hebden, Mark L"]
[Black "Gourlay, Iain"]
[Result "1/2-1/2"]
[ECO "D35"]
[WhiteElo "2455"]
[BlackElo "2318"]
[Annotator "TA"]
[PlyCount "89"]
[EventDate "2021.11.27"]
[EventType "team-tourn"]
[EventCountry "ENG"]
[SourceTitle "playchess.com"]
[Source "ChessBase"]
[SourceQuality "1"]
[TimeControl "40/6000+30:3000+30"]

1. d4 d5 2. c4 e6 3. Nc3 Nf6 4. cxd5 exd5 5. Bg5 c6 6. e3 h6 7. Bh4 Be7 8. Bd3 Nbd7 {[%emt 0:00:49] D35: Queen's Gambit Declined: Exchange Variation.} 9. Bg3 O-O 10. Nf3 Re8 11. O-O Nh5 12. Be5 Nhf6 13. Qc2 Nxe5 14. Nxe5 Ng4 15. Bh7+ Kf8 16. Nxg4 Bxg4 17. Bf5 Bxf5 18. Qxf5 Kg8 19. Rab1 a5 {[%emt 0:03:10] [#]} 20. Rfc1 $146 ({Predecessor:} 20. a4 Bd6 21. Rfe1 Bc7 22. g3 Qd6 23. Rbd1 Qb4 24. Qc2 Rad8 25. Ne2 Re4 26. Nc1 Qe7 27. Nd3 Bd6 28. Rc1 {½-½ (71) Saduakassova,D (2460)-Hoolt,S (2405) Riadh 2017}) 20... Bd6 21. Na4 Qe7 22. Nc5 Bxc5 23. Rxc5 Qe4 24. Qxe4 Rxe4 $11 {[%emt 0:00:17][%mdl 4096] Endgame KRR-KRR} 25. a4 Kf8 26. g3 Re7 27. Kf1 Ke8 28. Ke2 Kd7 29. g4 Kd6 30. Rbc1 Rc7 31. f3 Re7 32. Kd2 Rae8 33. R1c3 h5 34. g5 f6 35. gxf6 gxf6 36. Rxa5 Rg8 37. Rb3 Rg2+ 38. Kd3 Rf2 39. Ra7 $1 Rxf3 40. Rbxb7 Rexe3+ 41. Kc2 $1 ({Much weaker is} 41. Kd2 Rd3+ 42. Ke2 Rh3 $17) 41... Re2+ 42. Kb1 $1 {[%emt 0:00:00] [#] Rd7+ is the strong threat.} Rd2 (42... Rxh2 $2 43. Re7 c5 44. Rad7+ Kc6 45. Rc7+ Kb6 46. dxc5+ Ka5 47. Rb7 $18) 43. Rb4 Rf4 44. Rf7 Rfxd4 45. Rxd4 {[%emt 0:00:00] Weighted Error Value: White=0.07 (flawless) /Black=0.06 (flawless)} 1/2-1/2

[Event "4NCL 2021-22"]
[Site "England"]
[Date "2022.04.30"]
[Round "7.18"]
[White "Olson, Hamish"]
[Black "Suarez Real, Alberto"]
[Result "1-0"]
[ECO "A49"]
[WhiteElo "2296"]
[BlackElo "2445"]
[Annotator "TA"]
[PlyCount "79"]
[EventDate "2021.11.27"]
[EventType "team-tourn"]
[EventCountry "ENG"]
[SourceTitle "playchess.com"]
[Source "ChessBase"]
[SourceQuality "1"]
[TimeControl "40/6000+30:3000+30"]

1. d4 Nf6 2. Nf3 g6 3. g3 Bg7 4. Bg2 O-O 5. O-O d6 6. Re1 Nc6 7. e4 e5 {[%emt 0:01:17] A49: 1 d4 Nf6 2 Nf3 g6 3 g3: Anti-King's Indian systems.} 8. dxe5 dxe5 9. Qxd8 Rxd8 {[%emt 0:00:09] The position is equal.} 10. c3 {[%emt 0:00:51] [#]} Ne8 $146 ({Predecessor:} 10... h6 11. Nbd2 Be6 12. Bf1 Nd7 13. Nb3 a5 14. Be3 Bf8 15. Nbd2 Nc5 16. Bxc5 Bxc5 {½-½ (77) Sai,K (1941)-Rathnakaran,K (2326) Hyderabad 2017}) 11. Bf1 Nd6 12. Na3 f6 13. Nb5 Bg4 {[%emt 0:03:40] Strongly threatening ...Nxb5.} 14. Kg2 Nxb5 15. Bxb5 Be6 {[%emt 0:00:04] Prevents Bc4.} 16. Be3 Na5 17. Nd2 {[%emt 0:04:19] Against Nc4} a6 18. Be2 b6 19. b4 Nb7 20. a4 Bf8 21. Reb1 Kf7 22. f3 a5 23. Kf2 Bd7 24. Bd1 Ke8 25. Bc2 Ra6 26. b5 Raa8 27. f4 (27. Bb3 {is superior.}) 27... Bc5 $11 28. fxe5 Bxb5 29. Rd1 (29. Nb3 $14 Bc4 30. exf6 (30. Nxc5 Nxc5 31. exf6 Kf7 $11)) 29... Bd3 30. Bb3 fxe5 {[%emt 0:00:34] Hoping for ...Ke7.} 31. Bd5 {[%emt 0:01:06] [#]} Rab8 {[%emt 0:00:35] [#]} (31... Rxd5 $1 $11 {remains equal.} 32. exd5 Ke7 33. Bxc5+ Nxc5) 32. Nf3 $1 $36 {[%emt 0:00:59][%csl LRd3,LRe5][%cal Bd2f3,Bf3e5,Be5c6][%mdl 2144] Discovered Attack. White is really pushing.} Ba6 33. Nxe5 Rd6 34. c4 {[%emt 0:01:39] 0x0.001ae8c6afbddp-1022s more active pieces.} ({White should try} 34. Nc6 $16 Ra8 35. e5 Rxd5 36. Rxd5) 34... Rbd8 (34... Ke7 $14) 35. Ke2 Bxe3 36. Kxe3 Rf6 {[%emt 0:00:42] Black cannot hold the game after this.} (36... Rc8 $16 {was called for.}) 37. Nc6 $18 Rc8 $2 (37... Rdd6) 38. e5 {[%emt 0:00:56] White is clearly winning.} Rf8 39. Be6 Ra8 40. Rd7 {[%emt 0:00:39] Weighted Error Value: White=0.10 (very precise) /Black=0.30} 1-0

[Event "4NCL 2021-22"]
[Site "England"]
[Date "2022.04.30"]
[Round "7.19"]
[White "Kilpatrick, Callum"]
[Black "McKay, Roderick M"]
[Result "1-0"]
[ECO "C41"]
[WhiteElo "2409"]
[BlackElo "2208"]
[Annotator "TA"]
[PlyCount "81"]
[EventDate "2021.11.27"]
[EventType "team-tourn"]
[EventCountry "ENG"]
[SourceTitle "playchess.com"]
[Source "ChessBase"]
[SourceQuality "1"]
[TimeControl "40/6000+30:3000+30"]

1. e4 d6 2. d4 Nf6 3. Nc3 e5 4. Nf3 Nbd7 5. Bc4 Be7 6. O-O h6 7. Re1 {[%emt 0:09:07] 7.a4 deserves study.} c6 {[%emt 0:01:34] C41: Philidor Defence.} 8. a4 Qc7 9. b3 Nf8 {[%emt 0:09:02] The position is equal.} 10. Bb2 {[%emt 0:12:36] [#] aiming for dxe5.} Ng6 11. h3 {[%emt 0:02:12] Prevents Bg4.} O-O 12. Bf1 {[%emt 0:03:57] [#]} Bd7 $146 ({Predecessor:} 12... b6 13. d5 cxd5 14. Nxd5 Nxd5 15. Qxd5 Be6 16. Qd2 Rac8 17. c4 a6 18. g3 Rb8 {0-1 (49) Thavandiran,S (2420)-Koellner,R (2454) Chess.com INT 2022}) 13. g3 Rfd8 14. Qd3 Be8 15. Bg2 Rac8 16. Nd1 Bf8 17. Ne3 Qb8 18. Nf5 c5 (18... Bd7 $14) 19. dxc5 {[%emt 0:03:41] 0x0.0007b50af616dp-1022s more active pieces.} (19. d5 $16) 19... d5 20. exd5 Rxd5 21. Qe2 e4 {[%emt 0:06:09] [#]} (21... Rdxc5 $14 22. c4 (22. Nxe5 $2 Rxc2 23. Qd3 Rxb2 $19) (22. Bxe5 Nxe5 23. Nxe5 Rxc2 $11) 22... e4) 22. N3d4 (22. N3h4 $1 $16) 22... Bxc5 23. c4 ({White should try} 23. Bxe4 $16 Nxe4 24. Qxe4) 23... Re5 $11 24. Ne3 Bd7 25. Ndc2 $36 {[%emt 0:01:49][%mdl 2048] White has good play.} Rce8 26. b4 Bxe3 27. Nxe3 ({Wrong is} 27. fxe3 $2 Rg5 28. Bxf6 Rxg3 $19) 27... Qc8 (27... R5e6 $1 $14) 28. h4 a5 29. b5 Bh3 30. Bh1 Nd7 (30... Rc5 $16) 31. h5 Ngf8 32. Bxe5 Rxe5 33. Rad1 Nc5 34. Rd5 Qe6 (34... Re8 {was necessary.} 35. Qd2 Be6) 35. Rxe5 Qxe5 36. Nd5 f5 37. Nf4 Bg4 38. f3 Qc3 39. Qe3 ({Much less strong is} 39. fxg4 $6 Qxg3+ 40. Ng2 f4 $18) 39... Nd3 $2 (39... Qxe3+ 40. Rxe3 exf3 41. Bxf3 Bxf3) 40. Nxd3 $18 exd3 41. fxg4 {[%emt 0:50:23] Weighted Error Value: White=0.15 (very precise) /Black=0.30} 1-0

[Event "4NCL 2021-22"]
[Site "England"]
[Date "2022.04.30"]
[Round "7.20"]
[White "Morrison, Graham"]
[Black "Grieve, Harry"]
[Result "0-1"]
[ECO "A92"]
[WhiteElo "2258"]
[BlackElo "2384"]
[Annotator "TA RC"]
[PlyCount "106"]
[EventDate "2021.11.27"]
[EventType "team-tourn"]
[EventCountry "ENG"]
[SourceTitle "playchess.com"]
[Source "ChessBase"]
[SourceQuality "1"]
[TimeControl "40/6000+30:3000+30"]

1. d4 e6 2. c4 f5 3. g3 Nf6 4. Bg2 d5 5. Nf3 Be7 6. O-O Ne4 $1 {[%emt 0:00:08][%mdl 4] is more profitable than 6...0-0 at the moment. A92: Classical Dutch: Classical Stonewall (with ...Be7): Early deviations.} 7. Nfd2 (7. Nc3 $14 {might be stronger.}) 7... O-O $11 8. Nxe4 fxe4 {[%emt 0:00:06] The position is equal.} 9. Nc3 c6 10. Qb3 Kh8 11. Be3 {[%emt 0:05:17] [#]} b6 $146 ({Predecessor:} 11... Nd7 12. f3 exf3 13. exf3 Nb6 14. c5 Nc4 15. Rfe1 e5 16. Bf2 Bf6 17. Rad1 exd4 18. Bxd4 Bxd4+ 19. Rxd4 {0-1 (36) Manakov,M (2295)-Wach,M (2380) Bayern 1995}) 12. f3 exf3 13. Bxf3 ({Reject} 13. exf3 Ba6 14. Rfe1 Bxc4 $11) 13... Ba6 14. cxd5 exd5 15. Rad1 Nd7 16. Rf2 Bd6 17. Qa4 Bb7 18. Qc2 Qc7 19. Bc1 Nf6 20. Rdf1 ({Don't play} 20. e4 {[#]} Bxg3 $1 21. Re2 (21. hxg3 $2 Qxg3+ 22. Rg2 Qxf3 $19) 21... dxe4 $1 22. Nxe4 Bd6 23. Nxd6 Qxd6 $17) 20... Ba6 21. Qa4 Qb7 22. Bf4 (22. Bg2 $11 {keeps the balance.}) 22... Bxf4 $17 23. gxf4 Rae8 24. Qc2 Qe7 25. Qd2 (25. Qa4 $15 Qb7 26. Rg2) 25... Bc8 26. Re1 Bg4 27. Bg2 Qf7 28. h3 (28. e4 $15) 28... Bf5 $19 29. e3 Re6 30. Rf3 Rfe8 31. Kh2 Qh5 (31... a5 $19 32. a4 h6) 32. Kg1 (32. Rg3 $17 Qh4 33. Bf3) 32... h6 33. Rg3 R8e7 ({Better is} 33... Qh4 $19 34. Rf3 Nh5) 34. Qe2 (34. Qf2 $17) 34... Qe8 {[%emt 0:01:24] Threatens to win with ...Nh5.} 35. Qd2 Qh5 36. Qe2 $1 Qh4 37. Qf2 Nh5 38. Rf3 Qxf2+ 39. Kxf2 Be4 40. Nxe4 dxe4 {[%emt 0:00:05][%mdl 64] Trapped Piece} 41. Rg3 Nxg3 42. Kxg3 {[%emt 0:00:08][%mdl 4096] Endgame KRR-KRB} Rg6+ 43. Kf2 Rf6 44. Ke2 (44. Kg3 $142) 44... Rf5 45. Rc1 c5 46. Rc4 g5 47. dxc5 Rxc5 48. Rxe4 Rc2+ {[%emt 0:00:00] Black is clearly winning.} 49. Kd3 Rxe4 50. Bxe4 Rxb2 {[%emt 0:00:00] White must now prevent ...gxf4.} 51. Bd5 (51. fxg5 $142 hxg5 52. Bd5) 51... gxf4 52. exf4 Kg7 53. Ke4 Rh2 {[%emt 0:00:00] Weighted Error Value: White=0.31/Black=0.09 (flawless)} 0-1

[Event "4NCL 2021-22"]
[Site "England"]
[Date "2022.04.30"]
[Round "7.21"]
[White "Davies, Nigel R"]
[Black "Berry, Neil"]
[Result "0-1"]
[ECO "A07"]
[WhiteElo "2462"]
[BlackElo "2267"]
[Annotator "TA"]
[PlyCount "88"]
[EventDate "2021.11.27"]
[EventType "team-tourn"]
[EventCountry "ENG"]
[SourceTitle "playchess.com"]
[Source "ChessBase"]
[SourceQuality "1"]
[TimeControl "40/6000+30:3000+30"]

1. Nf3 d5 2. g3 Nf6 3. Bg2 e6 4. O-O Be7 5. d3 O-O 6. Nbd2 Nc6 7. c3 {[%emt 0:00:58] A07: Réti Opening: New York and Capablanca Systems.} e5 8. Qc2 a5 {[%emt 0:00:58] Inhibits b4.} 9. e4 {[%emt 0:02:38] The position is equal.} dxe4 10. dxe4 Be6 {[%emt 0:00:33] Prevents Nc4.} 11. Ng5 Bd7 12. Nc4 Bc5 {[%emt 0:02:51] [#]} 13. h3 $146 ({Predecessor:} 13. Be3 Qe7 14. Bxc5 Qxc5 15. Ne3 h6 16. Nf3 Be6 17. Nh4 Rfd8 18. Rfd1 g6 19. Qe2 Rxd1+ 20. Rxd1 {½-½ (29) Wiander,M (2226)-Subramanian,A (1963) Vaxjo 2016}) 13... h6 {[%emt 0:05:14] aiming for ...b5.} 14. Nf3 Qe7 $36 {[%emt 0:00:11][%mdl 2048] White is under pressure.} 15. Nh4 Rfd8 16. Nf5 Qf8 17. Kh2 Be6 18. Qe2 Rd7 19. Nce3 Rad8 20. f4 exf4 (20... Rd3 $1 $15) 21. gxf4 $11 g6 22. Ng3 {[%emt 0:00:51] And now f5 would win.} h5 $1 (22... Rd3 23. e5 (23. Nd5 Nxd5 24. Qxd3 Nxf4 $17) 23... Nd5 24. Bxd5 R8xd5 25. Nxd5 Rxd5 26. Ne4 $16) 23. e5 {[%emt 0:11:31] [#]} ({Better is} 23. f5 $11 h4 24. fxe6 hxg3+ 25. Kh1 fxe6 26. Ng4 Nxg4 27. Qxg4 (27. Rxf8+ Kxf8 28. Bf1 Rf7 $14)) 23... h4 $1 $15 24. Ne4 Nxe4 25. Bxe4 Qg7 (25... Ne7 $1 $15) 26. Ng2 {[%emt 0:08:36] [#]} (26. Ng4 $11 Bxg4 27. Qxg4) 26... Ne7 $1 $17 {[%emt 0:00:54] Hoping for ...Nf5. Black is more active.} 27. b4 (27. Be3 $17 Bxe3 28. Qxe3) 27... axb4 $19 28. cxb4 Bd4 29. Rb1 Nf5 30. Bxf5 Bxf5 31. Rb3 Bb6 {[%emt 0:00:13] A strong pair of Bishops.} 32. Qe1 (32. a4 $17) 32... Bd3 33. Rf3 (33. Rh1 $17 {was forced.}) 33... Bc4 34. Rbc3 {[%emt 0:00:18] [#]} Rd1 $1 35. Qxh4 {[%emt 0:00:07] [#]} Bg1+ $1 ({And not} 35... Bxa2 36. Be3 $11) 36. Kg3 Be2 37. Rxc7 $2 (37. Rfe3 {is more resistant.} Bxe3 38. Bxe3) 37... Bxf3 ({Weaker is} 37... Bh2+ 38. Kxh2 Bxf3 39. e6 $15 (39. Ne3 $2 g5 $19)) 38. Kxf3 Rf1+ 39. Ke2 Rf2+ {[%emt 0:00:10][%mdl 64] Skewer, Double Attack} 40. Ke1 Qf8 41. f5 {[%emt 1:02:38][%cal Of5g6] Threatening mate with fxg6!} Rxg2 42. Kf1 Rxa2 {[%emt 0:06:55] Black mates.} 43. Qg4 Bb6 44. Rxb7 {[%emt 0:00:00] [#]} Qxb4 $1 {[%emt 0:02:14][%mdl 512] Weighted Error Value: White=0.71/Black=0.10 (very precise)} 0-1

[Event "4NCL 2021-22"]
[Site "England"]
[Date "2022.04.30"]
[Round "7.22"]
[White "White, Stuart A"]
[Black "Golding, Alex"]
[Result "0-1"]
[ECO "D37"]
[WhiteElo "2041"]
[BlackElo "2331"]
[Annotator "TA"]
[PlyCount "100"]
[EventDate "2021.11.27"]
[EventType "team-tourn"]
[EventCountry "ENG"]
[SourceTitle "playchess.com"]
[Source "ChessBase"]
[SourceQuality "1"]
[TimeControl "40/6000+30:3000+30"]

1. d4 Nf6 2. c4 e6 3. Nf3 d5 4. Nc3 a6 5. cxd5 exd5 6. Bg5 {[%emt 0:00:56] D37: Queen's Gambit Declined: 5 Bf4.} h6 (6... Be7 $11) 7. Bxf6 $16 gxf6 8. e3 {[%emt 0:01:51] [#] White is better.} c6 $146 ({Predecessor:} 8... Nc6 9. a3 Rb8 10. Qc2 Ne7 11. Bd3 Rg8 12. Nh4 b5 13. Ne2 c5 14. dxc5 Nc6 {1-0 (34) Volak,M (2200)-Kopecek,I (1966) Brno 2010}) 9. Bd3 f5 10. g3 Qf6 11. Nh4 f4 12. Qf3 (12. Qb3 $18) 12... Be7 13. Qxf4 (13. exf4 {looks sharper.} Qxd4 14. O-O-O Bxh4 15. Rhe1+) 13... Qxf4 14. exf4 Bxh4 15. gxh4 Nd7 16. Kd2 Ke7 17. Ne2 (17. Rae1+ {keeps more tension.} Kd6 18. Ne2 Nf6 19. Ng3) 17... c5 18. Rhg1 c4 19. Bc2 Nf6 20. f5 (20. Ng3 $16) 20... b5 21. f3 (21. Nf4 $14 {might be stronger.}) 21... Bd7 $11 22. Nf4 Rhg8 23. Rg3 a5 24. Rag1 Bc6 25. Nh3 b4 (25... Bd7 $11 {deserves consideration.}) 26. Nf2 $1 $14 Rgc8 27. Ng4 c3+ ({Black should try} 27... Nxg4 $14 28. fxg4 Kd6) 28. bxc3 $16 bxc3+ 29. Kc1 Nh5 30. Re1+ Kf8 31. Rgg1 (31. Nxh6 $2 Nxg3 32. hxg3 Re8 $19) 31... Re8 32. Nxh6 Rxe1+ 33. Rxe1 Nf4 34. Ng4 Bb5 35. Re5 (35. f6 $142) 35... Rb8 36. Nf6 Rd8 37. Kd1 (37. a4 $16 Ba6 38. Kd1) 37... Rd6 $1 $11 38. Ng4 f6 39. Re3 Rc6 40. a4 Ba6 41. h5 {[%emt 0:25:19] And now h6 would win.} Nxh5 42. Bb3 Nf4 43. Kc2 $2 (43. h4 $11) 43... Ne2 $1 $19 44. Bxd5 Nxd4+ 45. Kc1 Rd6 46. Be4 {[%emt 0:01:12] [#]} Ne2+ $1 47. Kc2 $2 (47. Rxe2 $19 Bxe2 48. Kc2) 47... Rd2+ {[%emt 0:00:07] Black mates.} 48. Kb1 Rd1+ 49. Kc2 {[%emt 0:00:47] [#]} Rc1+ $1 50. Kb3 Nd4+ {[%emt 0:00:06] A wild game.  Weighted Error Value: White=0.32/Black=0.10 (very precise)} 0-1

[Event "4NCL 2021-22"]
[Site "England"]
[Date "2022.04.30"]
[Round "7.23"]
[White "Stoyanov, Viktor"]
[Black "Cooke, Suzie G."]
[Result "1-0"]
[ECO "E06"]
[WhiteElo "2323"]
[BlackElo "1915"]
[Annotator "TA"]
[PlyCount "73"]
[EventDate "2021.11.27"]
[EventType "team-tourn"]
[EventCountry "ENG"]
[SourceTitle "playchess.com"]
[Source "ChessBase"]
[SourceQuality "1"]
[TimeControl "40/6000+30:3000+30"]

1. Nf3 d5 2. c4 e6 3. g3 Nf6 4. Bg2 c5 5. O-O Nc6 6. d4 Be7 7. dxc5 Bxc5 8. a3 a5 9. cxd5 {[%emt 0:02:40] E06: Closed Catalan: Early deviations.} exd5 10. Bg5 {[%emt 0:00:15] was the old line (10.Nc3).} Be6 11. Qc2 {[%emt 0:03:40] White is slightly better.} Be7 12. Nc3 {[%emt 0:03:54] [#]} h6 $146 ({Predecessor:} 12... d4 13. Rfd1 Qb6 14. Ne4 Bb3 15. Qd3 Bxd1 16. Rxd1 O-O 17. Nxf6+ Bxf6 18. Bxf6 gxf6 {½-½ (44) Suarez,R-Kusch,M ICCF email 2009}) 13. Bf4 O-O 14. Rfd1 Qb6 15. Be3 {[%emt 0:05:59] Inhibits d4.} Qa6 16. h3 a4 17. Qd3 (17. Nd4 {keeps more tension.} Rfc8 18. Nf5 Bf8 19. g4) 17... Qxd3 18. Rxd3 Na5 19. Rf1 Nc4 20. Bc1 Bc5 21. Nd4 {[%emt 0:00:47][%cal Bf3d4,Bd4b5,Bb5c3,Bc3e4][%mdl 32] Inhibits Bf5.} Rfd8 22. Kh2 Ra6 (22... Rd6 $11 {feels stronger.}) 23. f4 $14 Bc8 (23... Re8 $11) 24. g4 Ne4 25. Ndb5 Nxc3 26. Nxc3 (26. Rxc3 $5 Bb6 27. Rd1 $14) 26... d4 27. e3 Rd7 (27... Nxe3 $11 {might be stronger.} 28. Bxe3 Rad6) 28. Ne4 Ba7 {[%emt 0:00:10][%cal Rc4e3] [#]} 29. exd4 ({Of course not} 29. Rfd1 $6 Nxe3 30. Bxe3 dxe3 31. Rxd7 Bxd7 $15) 29... Rxd4 (29... Rd8 $16) 30. Rxd4 Bxd4 31. Rd1 Bb6 {[%emt 0:00:43] [#]} 32. Bf1 ({Better is} 32. Nc3 $1 $18) 32... Be6 $2 {[%emt 0:04:03][%mdl 8192] A mistake that costs the game.} (32... Bc7 $16) 33. f5 $18 Bc7+ 34. Kh1 b5 35. fxe6 {[%emt 0:00:13] White is clearly winning.} Rxe6 36. Nc3 Rf6 37. Nxb5 {[%emt 0:00:32] Weighted Error Value: White=0.12 (very precise) /Black=0.37} 1-0

[Event "4NCL 2021-22"]
[Site "England"]
[Date "2022.04.30"]
[Round "7.24"]
[White "Vijayakumar, Rishi"]
[Black "Golding, William"]
[Result "1-0"]
[ECO "B01"]
[WhiteElo "1800"]
[BlackElo "1686"]
[Annotator "NA RC COMBH"]
[PlyCount "65"]
[EventDate "2021.11.27"]
[EventType "team-tourn"]
[EventCountry "ENG"]
[SourceTitle "playchess.com"]
[Source "ChessBase"]
[SourceQuality "1"]
[TimeControl "40/6000+30:3000+30"]

1. e4 d5 2. exd5 Qxd5 3. Nc3 Qa5 4. d4 c6 5. Bc4 Nf6 6. Bd2 Qc7 7. Nf3 Bg4 8. h3 Bh5 9. g4 Bg6 10. Ne5 e6 11. f4 Bd6 12. Qe2 O-O 13. h4 Bxc2 14. Rc1 b5 15. Bxb5 cxb5 16. Nxb5 Qb6 17. Rxc2 a6 18. Nxd6 Qxd6 19. Qc4 Nbd7 20. Bb4 Qb8 21. Bxf8 Qxf8 22. g5 Nxe5 23. fxe5 Nd5 24. Qc5 Qd8 25. a3 Nf4 26. Qc7 Qe8 27. O-O Nd5 28. Qc6 Qd8 29. Qb7 Ne3 30. Qxf7+ Kh8 31. Rc7 Nf5 32. Rf4 Qd5 33. Qd7 1-0

[Event "4NCL 2021-22"]
[Site "England"]
[Date "2022.04.30"]
[Round "7.25"]
[White "Wall, Tim P"]
[Black "Jackson, James P"]
[Result "0-1"]
[ECO "D00"]
[WhiteElo "2281"]
[BlackElo "2407"]
[Annotator "TA"]
[PlyCount "68"]
[EventDate "2021.11.27"]
[EventType "team-tourn"]
[EventCountry "ENG"]
[SourceTitle "playchess.com"]
[Source "ChessBase"]
[SourceQuality "1"]
[TimeControl "40/6000+30:3000+30"]

1. d4 Nf6 2. Nc3 d5 3. Bf4 a6 4. e3 c5 5. dxc5 Nc6 (5... Qa5 $11) 6. a3 $14 {[%emt 0:07:20] D00: 1 d4 d5: Unusual lines.} e5 7. Bg5 Be6 8. b4 {[%emt 0:05:40] White is slightly better.} Be7 9. Nf3 O-O 10. Be2 Qc7 11. Bxf6 Bxf6 12. e4 dxe4 13. Nxe4 Be7 {[%emt 0:03:22] Against Qd6} 14. O-O {[%emt 0:04:11] [#]} Rad8 $146 {[%emt 0:05:24][%mdl 1024] Black has compensation.} ({Predecessor:} 14... h6 15. Ned2 Rad8 16. Qe1 Bf5 17. Bc4 Bxc2 18. Rc1 Bg6 19. Ne4 Nd4 20. Qe3 Nxf3+ 21. Qxf3 {½-½ (31) Sorvari,J (2066)-Lehtila,T (2108) Finland 2016}) 15. Qe1 h6 (15... f5 $15 16. Neg5 Bc8) 16. Qc3 (16. Ned2 $14) 16... f5 $1 $15 17. Nd6 {[%emt 0:07:27] [#]} ({White should play} 17. Ng3 $15) 17... e4 $1 $17 ({Reject} 17... Bxd6 $6 18. cxd6 Qxd6 19. Rad1 $11) 18. Bc4 Bxc4 19. Qxc4+ Kh7 20. Nd2 b5 21. Qa2 {[%emt 0:08:09] This move loses the game for White.} (21. Qc3 $17 {was worth a try.}) 21... Bxd6 $19 22. cxd6 Rxd6 ({Worse is} 22... Qxd6 23. Nb3 $17) 23. Nb3 Ne5 {[%emt 0:05:25][%cal Bc6e5,Be5c4,Bc4d2,Bd2f3][%mdl 32] [#] Hoping for ...Rg6.} 24. Nc5 Rg6 25. Kh1 $2 (25. g3 Re8 26. Qd5) 25... Rff6 {[%emt 0:06:12][%cal Og6g2] ( -> ...Rxg2!)} 26. f4 Nc4 27. Rae1 Rd6 28. Re2 (28. Nb3 $142) 28... Rd5 (28... Rd2 $142 29. Rxd2 Nxd2) 29. g3 $2 (29. Qa1) 29... Rgd6 30. Qa1 {[%emt 0:00:30] Prevents Rd1.} Qf7 {[%emt 0:00:29] Threatens to win with ...Rd2.} 31. a4 Nd2 32. Rfe1 Nf3 33. Rf1 Rd2 34. Ref2 Qh5 {[%emt 0:01:38] Weighted Error Value: White=1.07/Black=0.44} 0-1

[Event "4NCL 2021-22"]
[Site "England"]
[Date "2022.04.30"]
[Round "7.26"]
[White "D'Costa, Lorin"]
[Black "Townsend, M Paul"]
[Result "1/2-1/2"]
[ECO "A14"]
[WhiteElo "2377"]
[BlackElo "2284"]
[Annotator "TA"]
[PlyCount "96"]
[EventDate "2021.11.27"]
[EventType "team-tourn"]
[EventCountry "ENG"]
[SourceTitle "playchess.com"]
[Source "ChessBase"]
[SourceQuality "1"]
[TimeControl "40/6000+30:3000+30"]

1. Nf3 Nf6 2. c4 e6 3. g3 d5 4. Bg2 Be7 5. O-O O-O 6. b3 c5 7. Bb2 Nc6 8. e3 d4 9. exd4 cxd4 10. Re1 Re8 11. Ne5 {[%emt 0:13:44] A14: English Opening: 1...e6 with b3 by White.} Nxe5 12. Rxe5 Bf8 13. d3 Nd7 14. Re1 e5 15. Ba3 {[%emt 0:13:16] [#]} Qc7 $146 ({Predecessor:} 15... Bxa3 16. Nxa3 Nc5 17. b4 Nd7 18. Nb5 Re6 19. c5 Nf6 20. Nd6 Re7 21. Qd2 Ne8 {1-0 (34) Nguyen,P (2444)-Sieber,F (2287) Warsaw 2017}) 16. Bxf8 Nxf8 17. Na3 Bd7 18. Nb5 Qb8 19. Qd2 Bc6 20. Re2 {[%emt 0:08:02] The position is equal.} Nd7 21. Rae1 Bxg2 22. Kxg2 Re6 23. f4 {[%emt 0:07:08] fxe5 is the strong threat.} a6 24. Na3 Qd6 25. Nc2 Rae8 26. fxe5 Nxe5 {[%emt 0:00:47] [#] White must now prevent ...Qc6+.} 27. Re4 Nc6 28. Rxe6 Rxe6 29. Rxe6 Qxe6 30. Qf2 Qe5 31. Qf3 Kf8 32. b4 Ke8 33. Kf2 f6 34. a3 h5 35. a4 (35. Qd5 {is more complex.} Ke7 36. h4 g6 37. Kf3) 35... a5 36. b5 Nb4 37. Ne1 b6 38. Qa8+ Kf7 {[%emt 0:00:17] [#] And now ...Qe3+ would win.} 39. Qf3 {[%emt 0:00:29] Prevents Qe3+.} h4 40. Kf1 g5 41. gxh4 gxh4 42. Ng2 Qxh2 43. Nf4 Nc2 {[%emt 0:09:28] aiming for ...Ne3+.} 44. Qb7+ Kg8 45. Qc8+ Kg7 46. Qg4+ Kf8 47. Qc8+ Kg7 {[%emt 0:00:07] ( -> ...Ne3+)} 48. Qg4+ Kf8 {[%emt 0:00:07] Weighted Error Value: White=0.03 (flawless) /Black=0.03 (flawless)} 1/2-1/2